 Dungeon Crawl Stone Soup version 0.28.0 (webtiles) character file.

Game seed: 5458608596332621224

41 browni3141 the Skirmisher (level 3, 0/33 HPs)
             Began as a Minotaur Berserker on Feb 15, 2022.
             Was a Follower of Trog.
             Slain by a gnoll (5 damage)
             ... on level 2 of the Dungeon.
             The game lasted 00:00:28 (1388 turns).

browni3141 the Skirmisher (Minotaur Berserker)      Turns: 1388, Time: 00:00:29

Health: 0/33       AC:  2    Str: 23    XL:     3   Next: 32%
Magic:  2/2        EV: 12    Int:  4    God:    Trog [*.....]
Gold:   106        SH:  0    Dex:  9    Spells: 2/2 levels left

rFire   . . .      SeeInvis .   a - +0 hand axe
rCold   . . .      Faith    .   (no shield)
rNeg    . . .      Spirit   .   b - +0 animal skin
rPois   .          Reflect  .   (helmet restricted)
rElec   .          Harm     .   (no cloak)
rCorr   .          Rampage  .   (no gloves)
Will    .....                   (no boots)
Stlth   +.........              (no amulet)
HPRegen 0.11/turn               (no ring)
MPRegen 0.08/turn               (no ring)

@: no status effects
A: horns 2, retaliatory headbutt
a: Renounce Religion, Berserk


You were on level 2 of the Dungeon.
You worshipped Trog.
Trog was aware of your devotion.
You visited 1 branch of the dungeon, and saw 2 of its levels.

You collected 106 gold pieces.

Inventory:

Hand Weapons
 a - a +0 hand axe (weapon)
Armour
 b - a +0 animal skin (worn)
Scrolls
 c - a scroll of teleportation {unknown}
 d - a scroll of fear {unknown}
Potions
 e - a potion of heal wounds {unknown}


   Skills:
 + Level 4.1 Fighting
 + Level 4.1 Axes
 + Level 3.1 Armour
 + Level 2.8 Dodging


You had 2 spell levels left.
You didn't know any spells.
Your spell library was empty.

Dungeon Overview and Level Annotations

Branches:
Dungeon (2/15)

Altars:


Innate Abilities, Weirdness & Mutations

You have a pair of horns on your head.
You reflexively headbutt those who attack you in melee.


Message History

You barely miss the goblin. The goblin hits you with a +0 dagger.
A gnoll comes into view. It is wielding a +0 flail.
There are monsters nearby!
You hit the goblin.
The goblin is severely wounded.
The goblin hits you with a +0 dagger.
You barely miss the goblin. You headbutt the goblin.
You kill the goblin!
Trog accepts your kill.
There are monsters nearby!
You slash the gnoll!
The gnoll is severely wounded.
A gnoll comes into view. It is wielding a +0 club.
The gnoll hits you with a +0 club.
There are monsters nearby!
You barely miss the gnoll.
The gnoll shouts!
Your headbutt misses the gnoll.
The gnoll is severely wounded.
The gnoll hits you with a +0 club.
You barely miss the gnoll. Your headbutt misses the gnoll.
The gnoll is severely wounded.
You closely miss the gnoll. The gnoll closely misses you.
You furiously retaliate!
You headbutt the gnoll!
You kill the gnoll!
Trog accepts your kill. The gnoll closely misses you.
The gnoll hits you with a +0 whip.
You barely miss the gnoll. Your headbutt misses the gnoll.
You hit the gnoll but do no damage. The gnoll barely misses you.
The gnoll hits you with a +0 whip!
You hit the gnoll.
The gnoll is moderately wounded.
You hit the gnoll. The gnoll barely misses you.
The gnoll hits you with a +0 whip!
* * * LOW HITPOINT WARNING * * *
There are monsters nearby!
You barely miss the gnoll.
The gnoll is moderately wounded.
You hit the gnoll but do no damage. The gnoll hits you with a +0 flail.
You die...

##..##
######
....#
......
#...#
######
#...# .#
#...# #.#
...##..g#
#.#
######
#....gg#
#.#
......
#@# #.#
######
#.# #.#
#.###.#
#.#.....#
#....(..#
#######.#
#.# #.#
########
#.#
#.......


You could see 3 gnolls.

Vanquished Creatures
  A gnoll (D:2)
  A dart slug (D:1)
  4 ball pythons (D:1)
  4 bats
  2 endoplasms
  A goblin (D:2)
  2 hobgoblins (D:1)
  2 jackals (D:2)
  A kobold (D:1)
  3 quokkas
  A frilled lizard (D:1)
  3 rats (D:1)
25 creatures vanquished.

Notes
Turn   | Place    | Note
-------+----------+-------------------------------------------
     0 | D:1      | browni3141 the Minotaur Berserker began the quest for the
                  | Orb.
     0 | D:1      | Reached XP level 1. HP: 19/19 MP: 0/0
   214 | D:1      | Noticed an eye of devastation
   216 | D:1      | Found a faded altar of an unknown god.
   218 | D:1      | Noticed a great orb of eyes
   287 | D:1      | Noticed a floating eye
   294 | D:1      | Reached XP level 2. HP: 27/27 MP: 1/1
   355 | D:1      | Noticed a floating eye
  1140 | D:2      | Reached XP level 3. HP: 16/33 MP: 2/2
  1388 | D:2      | Slain by a gnoll

Illustrated notes

Levels and vault maps discovered:
D:1:      matt_arrival_refuge, layout_basic,
          hellmonk_ecumenical_altar_watching_god, dk_noncrumbling_2
D:2:      layout_loops_ring, nicolae_underground_beach

Skill      XL: |  1  2 |
---------------+-------+-----
Axes           | 4 |  4.1
Fighting       | 4 |  4.1
Armour         | 3 |  3.1
Dodging        | |  2.8

Action                   || total
-------------------------++-------
Melee: Hand axe          ||    60
       Headbutt          ||     9
Armor: Animal skin       ||    10
Dodge: Dodged            ||    52
